AoeStats
← SantooKhan

Arabian Desert

509879708Analyzed
1v1 RM · 4d ago on Sep 28, 2026· 25m 40s· 2 players
Game mode
Random Map
Map size
Tiny (2 player)
Population
200
Speed
Normal
Resources
Standard
Victory
Conquest
Starting age
Dark Age
Ending age
Imperial Age
RankedLock teamsTeams togetherTeam positionsShared explorationLock speedFull tech treeHidden civsTurbo modeCheats
Victory
Defeat
🇺🇾 Mongols · Uruguay
1147
+16
🇦🇹 Poles · Austria
1156
-16
SantooKhan
10:16 Loom
12:03 Feudal Age
16:10 Castle Age
14:16 Double-Bit Axe
14:13 Horse Collar
18:39 Wheelbarrow
18:13 Gold Mining
18:37 Fletching
18:50 Padded Archer Armor
26:32 Hand Cart
LongschlongJhonson
7:57 Loom
10:23 Feudal Age
11:04 Double-Bit Axe
14:57 Bloodlines
15:16 Forging
16:00 Horse Collar
21:39 Castle Age
21:17 Fletching
21:46 Light Cavalry
22:26 Bodkin Arrow
25:07 Wheelbarrow
Connection lost

Rejoining the realm…

Still unreachable

The connection could not be restored.

Session expired

The server has moved on; the page needs a fresh start.